Cogmind - Beta 15 @@@ ROGUE MODE // 2025.07.17 @ 00:25:08 Player: Rockstar Result: Destroyed by G-67 Veteran with Plasma Rifle Performance ------------- Evolutions (7) 3500 Regions Visited (12) 2400 Robots Destroyed (22) 110 Value Destroyed (732) 732 Prototype IDs (5) 100 Alien Tech Used (0) 0 Bonus (1235) 1235 TOTAL SCORE: 8077 Bonus ------- Follower Combat Kills 35 Entered Garrisons 200 Used RIF Installer 500 Entered DSFs 500 Cogmind --------- Core Integrity 0/1300 Matter 176/300 Energy 351/500 System Corruption 3% Temperature Cool (0) Movement Core (150) Ox2 Location -3/Testing Parts ------- > --- POWER (2) -------- (None) > --- PROPULSION (8) --- (None) > --- UTILITY (9) ------ Improved Energy Well Advanced Gravity Neutralizer Triangulator Advanced Signal Interpreter Advanced Melee Analysis Suite Transmission Jammer Experimental Core Shielding > --- WEAPON (2) ------- (None) > --- INVENTORY (5) ---- Xenon Bombardment Thruster Field Propulsion Drive Improved Energy Well (400) Potential Cannon Peak State ------------ > --- POWER ------------ (None) > --- PROPULSION ------- Impulse Thruster Array > --- UTILITY ---------- Advanced Cryofiber Web Improved Energy Well Triangulator Advanced Signal Interpreter Advanced Melee Analysis Suite Transmission Jammer Experimental Core Shielding > --- WEAPON ----------- Potential Cannon > --- INVENTORY -------- Xenon Bombardment Thruster Field Propulsion Drive Point Defense System Hypervelocity Mass Driver Enhanced Force Lance [Rating: 81] Favorites ----------- Power Ion Engine Engine Ion Engine Power Core Micro Nuclear Core Propulsion Light Treads Treads Light Treads Hover Unit Gyrokinetic Inverter Flight Unit Impulse Thruster Array Utility Advanced Melee Analysis Suite Device Sensor Array Storage Small Storage Unit Processor Advanced Melee Analysis Suite Hackware System Shield Protection Propulsion Shielding Weapon Assault Rifle Energy Gun Improved Arc Projector Energy Cannon Beam Cannon Ballistic Gun Assault Rifle Ballistic Cannon Heavy Flak Cannon Launcher Grenade Launcher Special Weapon Mining Laser Slashing Weapon Greatsword Piercing Weapon Enhanced Force Lance Special Melee Weapon Improved Datajack Build | -11 -10 -10 -10 -8 -8 -7 -6 -6 -5 -4 -3 -3 ------- Run | Yrd Mat Min Sub Mat Gar Fac Fac DSF Fac Fac Res Tes Slots Evolved 14 | . . . . 4 . 2 2 . 2 2 2 . Power 1 | . . . . 1 . . . . . . . . Propulsion 6 | . . . . 2 . . 2 . . 2 . . Utility 7 | . . . . 1 . 2 . . 2 . 2 . Weapon . | . . . . . . . . . . . . . Parts Attached 88 | 7 5 . 1 4 . 7 . 10 21 14 16 3 Power 10 | 1 2 . . 1 . 1 . 2 3 . . . Engine 6 | 1 2 . . 1 . . . . 2 . . . Core 4 | . . . . . . 1 . 2 1 . . . Reactor . | . . . . . . . . . . . . . Propulsion 24 | 2 . . . 2 . 2 . 4 4 3 7 . Treads 4 | 2 . . . 1 . . . . . 1 . . Leg . | . . . . . . . . . . . . . Wheel . | . . . . . . . . . . . . . Hover 9 | . . . . . . 1 . 4 2 2 . . Flight 11 | . . . . 1 . 1 . . 2 . 7 . Utility 33 | 1 1 . 1 1 . 2 . 2 6 10 7 2 Device 15 | . . . . 1 . 1 . 1 3 4 4 1 Storage 3 | 1 . . . . . . . . 1 . . 1 Processor 8 | . . . 1 . . . . . 2 4 1 . Hackware 4 | . . . . . . 1 . 1 . 2 . . Protection 3 | . 1 . . . . . . . . . 2 . Artifact . | . . . . . . . . . . . . . Weapon 21 | 3 2 . . . . 2 . 2 8 1 2 1 Energy Gun 6 | . . . . . . 1 . . 5 . . . Energy Cannon 3 | . . . . . . 1 . . 1 . . 1 Ballistic Gun 6 | 3 . . . . . . . 2 1 . . . Ballistic Cannon 1 | . . . . . . . . . 1 . . . Launcher 1 | . 1 . . . . . . . . . . . Special Weapon 1 | . 1 . . . . . . . . . . . Impact Weapon . | . . . . . . . . . . . . . Slashing Weapon 1 | . . . . . . . . . . . 1 . Piercing Weapon 1 | . . . . . . . . . . . 1 . Special Melee Weapon 1 | . . . . . . . . . . 1 . . Unidentified Prototypes 5 | . . . . . . . . . . 1 1 3 Parts Lost 59 | . . . . . 9 5 . 7 15 10 10 3 Power 8 | . . . . . 3 . . 2 2 1 . . Propulsion 22 | . . . . . 3 2 . 1 5 4 6 1 Utility 17 | . . . . . 1 2 . 2 4 3 4 1 Weapon 12 | . . . . . 2 1 . 2 4 2 . 1 Highest Loss Streak 12 | . . . . . 9 3 . 7 12 5 8 3 To Critical Strikes . | . . . . . . . . . . . . . Average Backups 5 | 1 5 8 8 6 6 3 5 4 6 4 3 4 Power 1 | . 2 2 2 1 . . 1 . 1 . . . Propulsion . | . . . . . . . . . 1 . 2 2 Utility 2 | . . 3 3 2 3 3 4 3 2 2 1 1 Weapon 1 | . 2 3 3 3 2 . . . 1 . . 1 Tool/Special . | . . . . . . . . . . . . . Unused Backups 10 | . 1 . . 1 2 . . . . 1 1 4 Power 1 | . 1 . . . . . . . . . . . Propulsion 3 | . . . . . . . . . . . 1 2 Utility 4 | . . . . 1 1 . . . . 1 . 1 Weapon 2 | . . . . . 1 . . . . . . 1 Tool/Special . | . . . . . . . . . . . . . Average Slot Usage (%) 61 | . 97 100 100 83 81 23 13 21 42 38 25 41 Engine 6 | . 14 14 14 12 15 . . . 1 . . . Treads 12 | . 28 28 28 22 24 . . . . . . . Hover 1 | . . . . . . 1 . 4 6 6 . . Flight 1 | . . . . 3 . 2 . . 4 . 5 4 Device 3 | . . . . 7 2 6 . . 3 2 6 15 Storage 6 | . 14 14 14 9 8 . . . 4 1 . 3 Processor 7 | . . . 3 9 9 6 . . 6 17 6 9 Hackware 2 | . . . . . . 1 6 9 5 6 2 . Protection 4 | . 11 14 10 1 5 . . . . . 1 4 Ballistic Gun 7 | . 22 14 14 16 13 . . 5 . . . . Special Weapon 3 | . . 14 14 1 2 . . . . . . . Peak Build Rating 81 | 6 7 7 7 13 13 10 7 30 51 55 72 81 Average Rating 20 | 4 6 7 7 10 11 5 7 15 34 34 35 68 On Entrance 13 | . 6 7 7 7 12 1 10 7 20 14 18 61 Naked Turns . | . . . . . . . . . . . . . Heaviest Build 39 | 12 16 14 14 20 20 6 3 12 39 24 16 16 Greatest Support 62 | 40 40 40 40 62 62 9 3 33 26 30 23 16 Greatest Overweight (x) 3 | 1 . . . . . 1 . 3 2 2 1 2 Average Overweight (x) . | . . . . . . . . . . . . . Largest Inventory Capacity 10 | 8 8 8 8 8 8 5 5 5 10 10 5 5 Average Capacity 7 | 6 8 8 8 8 7 5 5 5 9 6 5 5 Most Carried 10 | 2 8 8 8 8 8 5 5 5 10 8 5 5 Average Carried 5 | 1 5 8 8 6 6 3 5 3 6 4 3 4 Final Capacity 10 | 8 8 8 8 8 5 5 5 5 10 5 5 5 Final Carried 8 | 2 8 8 8 6 5 5 5 4 6 4 5 5 Class Distribution -------------------- 92% | Mutant 4% | Infiltrator-Mutant Dominant Class ---------------- Mutant | -10/Materials Mutant | -10/Mines Mutant | -10/Subcaves Mutant | -8/Materials Mutant | -8/Garrison Mutant | -7/Factory Mutant | -6/Factory Mutant | -6/DSF Mutant | -5/Factory Mutant | -4/Factory Mutant | -3/Research Infiltrator-Mutant | -3/Testing Resources | -11 -10 -10 -10 -8 -8 -7 -6 -6 -5 -4 -3 -3 ----------- Run | Yrd Mat Min Sub Mat Gar Fac Fac DSF Fac Fac Res Tes Matter Collected 1078 | 197 153 64 . 154 45 75 . 5 234 . 151 . Remotely . | . . . . . . . . . . . . . Salvage Created 565 | . 153 . . 154 45 52 . . 161 . . . Parts 42 | . 12 . . 10 9 . . . 11 . . . Haulers Intercepted . | . . . . . . . . . . . . . Recyclers Shooed 3 | . . . . 1 . . . . 1 1 . . Parts Field Recycled . | . . . . . . . . . . . . . Retrieved Matter . | . . . . . . . . . . . . . Parts Self-Destructed 4 | . . . 4 . . . . . . . . . Prevented . | . . . . . . . . . . . . . Kills | -11 -10 -10 -10 -8 -8 -7 -6 -6 -5 -4 -3 -3 ------- Run | Yrd Mat Min Sub Mat Gar Fac Fac DSF Fac Fac Res Tes Combat Hostiles Destroyed 22 | . 6 . . 5 3 2 . . 6 . . . Guns 17 | . 4 . . 5 3 . . . 5 . . . Cannons 2 | . . . . . . 2 . . . . . . AOE 3 | . 2 . . . . . . . 1 . . . Classes Destroyed 2 | . 2 . . . . . . . . . . . Swarmer 17 | . 3 . . 3 3 2 . . 6 . . . Grunt 5 | . 3 . . 2 . . . . . . . . Best Kill Streak 5 | . 3 . . 2 3 2 . . 5 . . . Combat Bots Only 5 | . 3 . . 2 3 2 . . 5 . . . Max Kills in Single Turn 2 | . 2 . . 1 1 1 . . 1 . . . Gunslinging . | . . . . . . . . . . . . . Exploded 2 | . 2 . . . . . . . 1 . . . Melee . | . . . . . . . . . . . . . Uniques/NPCs Destroyed . | . . . . . . . . . . . . . Combat | -11 -10 -10 -10 -8 -8 -7 -6 -6 -5 -4 -3 -3 -------- Run | Yrd Mat Min Sub Mat Gar Fac Fac DSF Fac Fac Res Tes Hostile Shots Fired 840 | . 11 . . 45 97 77 . 40 198 78 208 86 Missed 370 | . 5 . . 13 31 32 . 12 73 32 118 54 Hits 470 | . 6 . . 32 66 45 . 28 125 46 90 32 Melee 12 | . . . . . 2 . . 9 . 1 . . Projectile 458 | . 6 . . 32 64 45 . 19 125 45 90 32 AOE 2 | . . . . . . . . 1 1 . . . Critical Strikes 19 | . . . . . 3 2 . 5 1 3 3 2 Actively Blocked 2 | . . . . . 1 . . . . . 1 . Damage Taken 8503 | . 91 . . 286 1029 622 . 954 1866 1216 2004 435 Core 3704 | . 17 . . 43 289 332 . 500 620 594 1156 153 Absorbed by Shields . | . . . . . . . . . . . . . Redirected to Shielding 191 | . 11 . . 6 35 . . . . . 47 92 Core Remaining (%) 58 | 100 . . 93 . 39 52 . 41 38 48 . . Volleys Fired 73 | . 10 . 10 16 7 9 . . 20 1 . . Largest 2 | . 2 . 1 2 2 1 . . 2 1 . . Hottest 130 | . 50 . 100 40 100 60 . . 130 81 . . Shots Fired 112 | . 20 . 10 32 13 9 . . 27 1 . . Gun 88 | . 18 . . 32 12 . . . 26 . . . Cannon 11 | . . . . . . 9 . . 1 1 . . Launcher 2 | . 2 . . . . . . . . . . . Special 11 | . . . 10 . 1 . . . . . . . Kinetic 63 | . 18 . . 32 12 . . . 1 . . . Thermal 20 | . . . 10 . 1 9 . . . . . . Explosive 2 | . 2 . . . . . . . . . . . Electromagnetic 27 | . . . . . . . . . 26 1 . . Robot Hit Streak 15 | . 15 . . 12 14 4 . . 9 10 . . Robot Miss Streak 4 | . 1 . . 4 1 3 . . 2 . . . Penetration Max 1 | . . . . . . . . . 1 . . . Secondary Targets 3 | . . . . 1 1 . . . 1 . . . Max Gunslinging Chain 1 | . . . . 1 1 . . . 1 . . . Shots Hit Robots 72 | . 15 . . 21 8 6 . . 20 2 . . Core Hits 37 | . 9 . . 9 4 3 . . 10 2 . . Critical Kills . | . . . . . . . . . . . . . Critical Parts Destroyed . | . . . . . . . . . . . . . Critical Strikes . | . . . . . . . . . . . . . Melee Attacks 2 | . . . . . . . . . . 1 . 1 Impact . | . . . . . . . . . . . . . Slashing . | . . . . . . . . . . . . . Piercing 1 | . . . . . . . . . . . . 1 Sneak Attacks . | . . . . . . . . . . . . . Combat Hostiles . | . . . . . . . . . . . . . Follow-up Attacks . | . . . . . . . . . . . . . Damage Inflicted 1323 | . 313 . . 268 110 153 . . 405 74 . . Guns 817 | . 165 . . 268 100 . . . 284 . . . Cannons 168 | . . . . . . 123 . . 15 30 . . Explosions 245 | . 148 . . . . . . . 97 . . . Melee . | . . . . . . . . . . . . . Ramming 93 | . . . . . 10 30 . . 9 44 . . Kinetic 577 | . 165 . . 268 100 . . . 44 . . . Thermal 220 | . . . . . . 123 . . 97 . . . Explosive 148 | . 148 . . . . . . . . . . . Electromagnetic 285 | . . . . . . . . . 255 30 . . Impact . | . . . . . . . . . . . . . Slashing . | . . . . . . . . . . . . . Piercing . | . . . . . . . . . . . . . Highest Corruption 9 | . . . . . . 9 . . . 4 1 3 Average Corruption 2 | . . . . . . 6 . . . 1 1 2 Corruption Purged . | . . . . . . . . . . . . . Corruption Blocked . | . . . . . . . . . . . . . Effects 3 | . . . . . . . . . . 2 . 1 Message Errors 1 | . . . . . . . . . . 1 . . Heat Flow Errors 2 | . . . . . . . . . . 1 . 1 Overload Shots . | . . . . . . . . . . . . . Overflow Damage . | . . . . . . . . . . . . . Projectiles . | . . . . . . . . . . . . . Explosions . | . . . . . . . . . . . . . Melee . | . . . . . . . . . . . . . Knockbacks 1 | . . . . . . . . . . 1 . . Impact 1 | . . . . . . . . . . 1 . . Kinetic . | . . . . . . . . . . . . . Secondary . | . . . . . . . . . . . . . Self-Inflicted Damage 145 | . 35 . . . . 14 . . 77 19 . . Shots 3 | . 1 . . . . . . . 2 . . . Rammed 21 | . . . . . 2 8 . . 2 9 . . Targets Rammed 21 | . . . . . 2 8 . . 2 9 . . Kicked . | . . . . . . . . . . . . . Crushed . | . . . . . . . . . . . . . Highest Temperature 235 | . . . . 1 26 55 . . 235 114 . 174 Average Temperature 57 | . . . . 1 8 28 . . 86 36 . 92 Received Heat Transfer 1145 | . 24 . . 36 540 171 . . 9 251 105 9 Siege Activations . | . . . . . . . . . . . . . Martial Activations . | . . . . . . . . . . . . . Shielding Activations . | . . . . . . . . . . . . . Robots Disrupted 2 | . . . . . . . . . 1 1 . . Combat Hostiles 1 | . . . . . . . . . 1 . . . Robots Corrupted . | . . . . . . . . . . . . . Combat Hostiles . | . . . . . . . . . . . . . Parts Fried . | . . . . . . . . . . . . . Impact Corruptions . | . . . . . . . . . . . . . Robots Melted . | . . . . . . . . . . . . . Combat Hostiles . | . . . . . . . . . . . . . Parts Melted . | . . . . . . . . . . . . . Heat Transferred 309 | . . . . . . 259 . . 50 . . . Parts Sabotaged . | . . . . . . . . . . . . . Parts Stolen . | . . . . . . . . . . . . . Parts Stripped . | . . . . . . . . . . . . . Power Chain Reactions 2 | . . . . . . . . . 2 . . . Alert | -11 -10 -10 -10 -8 -8 -7 -6 -6 -5 -4 -3 -3 ------- Run | Yrd Mat Min Sub Mat Gar Fac Fac DSF Fac Fac Res Tes Maximum Alert Level 1 | . . . . . . . . . . . 1 . Low Security (%) 93 | 100 100 100 . 100 100 100 100 100 100 100 62 100 Level 1 6 | . . . . . . . . . . . 37 . Level 2 . | . . . . . . . . . . . . . Level 3 . | . . . . . . . . . . . . . Level 4 . | . . . . . . . . . . . . . Level 5 . | . . . . . . . . . . . . . High Security . | . . . . . . . . . . . . . Max Security . | . . . . . . . . . . . . . Peak Influence 240 | . 106 33 . 66 166 71 17 15 175 146 240 144 Initial 129 | . . 33 . . 26 39 17 15 . 16 66 129 Average 69 | . 62 20 . 39 85 30 17 6 81 48 133 121 Influence Increases 1703 | . 176 . . 130 140 146 5 . 325 346 420 15 Destroy 0b10 Robot/C 460 | . 120 . . 100 60 60 . . 120 . . . Destroy Leader 60 | . 20 . . 10 . 10 . . 20 . . . Allied During Kill 1 | . . . . . . 1 . . . . . . Successful Hack 39 | . 8 . . 4 . . 5 . 6 16 . . Disable Machine 45 | . 15 . . 15 . . . . . . . 15 Anti-Garrison Action 50 | . . . . . 50 . . . . . . . Destroy Structure 28 | . 13 . . 1 . . . . 14 . . . Partial Spotted 60 | . . . . . . . . . 15 . 45 . Lose Combat Pursuer 960 | . . . . . 30 75 . . 150 330 375 . Influence Decreases 1619 | . 90 83 3 90 104 186 19 22 290 255 316 161 Entered New Map 313 | . . 53 3 . 14 37 19 7 . 19 60 101 Time Decay 741 | . 90 30 . 90 . 89 . . 120 126 166 30 Lost Part 495 | . . . . . 90 40 . 15 140 90 90 30 Lost Ally 70 | . . . . . . 20 . . 30 20 . . Squads Dispatched 11 | . 2 . . 1 . . . 1 2 1 4 . Investigation 1 | . 1 . . . . . . . . . . . Extermination 4 | . . . . . . . . . 1 1 2 . Reinforcement 6 | . 1 . . 1 . . . 1 1 . 2 . Assault . | . . . . . . . . . . . . . Garrison . | . . . . . . . . . . . . . Intercept . | . . . . . . . . . . . . . Searches Triggered . | . . . . . . . . . . . . . Construction Impeded . | . . . . . . . . . . . . . Haulers Reinforced . | . . . . . . . . . . . . . Active Scanning Responses . | . . . . . . . . . . . . . Cargo Convoy Interrupts . | . . . . . . . . . . . . . Stealth | -11 -10 -10 -10 -8 -8 -7 -6 -6 -5 -4 -3 -3 --------- Run | Yrd Mat Min Sub Mat Gar Fac Fac DSF Fac Fac Res Tes Distress Signals 8 | . 2 . . . . . . . 3 1 2 . Communications Jammed . | . . . . . . . . . . . . . Distress Signals . | . . . . . . . . . . . . . Times Spotted 174 | . 9 . . 10 23 18 . 4 26 30 44 10 Peak Tracking Total 17 | . 5 . . 4 17 15 . 4 9 11 14 10 Tactical Retreats 28 | . . . . . 1 4 . . 4 9 10 . Traps | -11 -10 -10 -10 -8 -8 -7 -6 -6 -5 -4 -3 -3 ------- Run | Yrd Mat Min Sub Mat Gar Fac Fac DSF Fac Fac Res Tes Traps Triggered 4 | . 1 . . . . . . 1 . . 1 1 Indirectly . | . . . . . . . . . . . . . Trap Hack Attempts . | . . . . . . . . . . . . . Triggered . | . . . . . . . . . . . . . Disarmed . | . . . . . . . . . . . . . Reprogrammed . | . . . . . . . . . . . . . Reused . | . . . . . . . . . . . . . Traps Extracted . | . . . . . . . . . . . . . Installed . | . . . . . . . . . . . . . Triggered . | . . . . . . . . . . . . . Machines | -11 -10 -10 -10 -8 -8 -7 -6 -6 -5 -4 -3 -3 ---------- Run | Yrd Mat Min Sub Mat Gar Fac Fac DSF Fac Fac Res Tes Machines Disabled 4 | . 1 . . 1 1 . . . . . . 1 Max in Single Turn 1 | . 1 . . 1 1 . . . . . . 1 Garrison Access 1 | . . . . . . . . . . 1 . . Garrison Relay 1 | . . . . . 1 . . . . . . . Machines Repaired . | . . . . . . . . . . . . . Machines Dismantled . | . . . . . . . . . . . . . Machines Sabotaged . | . . . . . . . . . . . . . Overloaded Fab Kills . | . . . . . . . . . . . . . Hacking | -11 -10 -10 -10 -8 -8 -7 -6 -6 -5 -4 -3 -3 --------- Run | Yrd Mat Min Sub Mat Gar Fac Fac DSF Fac Fac Res Tes Machines Accessed 9 | . 1 . 1 1 . . 1 . 1 2 2 . Terminals 5 | . 1 . . . . . 1 . 1 1 1 . Fabricators 1 | . . . . . . . . . . . 1 . Repair Stations . | . . . . . . . . . . . . . Recycling Units . | . . . . . . . . . . . . . Scanalyzers . | . . . . . . . . . . . . . Garrison Access 2 | . . . . 1 . . . . . 1 . . Total Hacks 18 | . 3 . 4 1 . . 1 . 2 5 2 . Successful 11 | . 1 . 4 1 . . 1 . 1 2 1 . Failed 7 | . 2 . . . . . . . 1 3 1 . Catastrophic 1 | . 1 . . . . . . . . . . . Database Lockouts . | . . . . . . . . . . . . . Manual 8 | . 3 . . . . . . . 2 2 1 . Terminals 10 | . 3 . . . . . 1 . 2 3 1 . Fabricators 1 | . . . . . . . . . . . 1 . Repair Stations . | . . . . . . . . . . . . . Recycling Units . | . . . . . . . . . . . . . Scanalyzers . | . . . . . . . . . . . . . Garrison Access 3 | . . . . 1 . . . . . 2 . . Terminal Hacks 6 | . 1 . 4 . . . 1 . . . . . Record 4 | . . . 4 . . . . . . . . . Open DSF 1 | . . . . . . . 1 . . . . . Branch Access Points 1 | . 1 . . . . . . . . . . . Fabricator Hacks 1 | . . . . . . . . . . . 1 . Network Status 1 | . . . . . . . . . . . 1 . Repair Station Hacks . | . . . . . . . . . . . . . Recycling Unit Hacks . | . . . . . . . . . . . . . Scanalyzer . | . . . . . . . . . . . . . Garrison Access Hacks 2 | . . . . 1 . . . . . 1 . . Unlock Access 1 | . . . . 1 . . . . . . . . Seal Access 1 | . . . . . . . . . . 1 . . Unauthorized Hacks 2 | . . . . . . . . . 1 1 . . Terminals 2 | . . . . . . . . . 1 1 . . Assimilate 2 | . . . . . . . . . 1 1 . . Fabricators . | . . . . . . . . . . . . . Repair Stations . | . . . . . . . . . . . . . Recycling Units . | . . . . . . . . . . . . . Scanalyzers . | . . . . . . . . . . . . . Garrison Access . | . . . . . . . . . . . . . Data Cores Recovered . | . . . . . . . . . . . . . Used . | . . . . . . . . . . . . . Hacking Detections 6 | . 1 . . 1 . . 1 . . 2 1 . Full Trace Events . | . . . . . . . . . . . . . Feedback Events . | . . . . . . . . . . . . . Feedback Blocked . | . . . . . . . . . . . . . Robot Schematics Acquired . | . . . . . . . . . . . . . Robots Built . | . . . . . . . . . . . . . Authchips . | . . . . . . . . . . . . . Time . | . . . . . . . . . . . . . Total Robot Build Rating . | . . . . . . . . . . . . . Part Schematics Acquired . | . . . . . . . . . . . . . Parts Built . | . . . . . . . . . . . . . Authchips . | . . . . . . . . . . . . . Time . | . . . . . . . . . . . . . Total Part Build Rating . | . . . . . . . . . . . . . Parts Repaired . | . . . . . . . . . . . . . Time . | . . . . . . . . . . . . . Parts Recycled . | . . . . . . . . . . . . . Recycled Matter . | . . . . . . . . . . . . . Retrieved Matter . | . . . . . . . . . . . . . Retrieved Components . | . . . . . . . . . . . . . Parts Scanalyzed . | . . . . . . . . . . . . . Part Schematics Acquired . | . . . . . . . . . . . . . Parts Damaged . | . . . . . . . . . . . . . Bothacking | -11 -10 -10 -10 -8 -8 -7 -6 -6 -5 -4 -3 -3 ------------ Run | Yrd Mat Min Sub Mat Gar Fac Fac DSF Fac Fac Res Tes Used RIF Installer 1 | . . . . . 1 . . . . . . . Robots Hacked 1 | . . . . . . . . . . 1 . . Non-combat . | . . . . . . . . . . . . . Combat 1 | . . . . . . . . . . 1 . . Robot Hacks Applied 1 | . . . . . . . . . . 1 . . amplify_resonance 1 | . . . . . . . . . . 1 . . Relay Couplers Released 3 | . . . . . 3 . . . . . . . Machine Destruction 3 | . . . . . 3 . . . . . . . Attached 3 | . . . . . . . . 1 . 2 . . Fabnet Peak Effective % . | . . . . . . . . . . . . . Robots Rewired 3 | . . . . . . 1 . . 1 1 . . Allies Hacked 1 | . . . . . . . . . . 1 . . Hacks Repelled . | . . . . . . . . . . . . . Allies | -11 -10 -10 -10 -8 -8 -7 -6 -6 -5 -4 -3 -3 -------- Run | Yrd Mat Min Sub Mat Gar Fac Fac DSF Fac Fac Res Tes Total Allies 5 | . . . . . . 1 . . 2 2 . . Largest Group 1 | . . . . . . 1 . . 1 1 . . Highest-Rated Group 49 | . . . . . . 32 . . 49 31 . . Highest-Rated Ally 49 | . . . . . . 32 . . 49 31 . . Total Orders . | . . . . . . . . . . . . . Ally Attacks 7 | . . . . . . 4 . . 3 . . . Total Damage 221 | . . . . . . 199 . . 22 . . . Kills 1 | . . . . . . 1 . . . . . . Allies Corrupted . | . . . . . . . . . . . . . Allies Melted 1 | . . . . . . 1 . . . . . . Intel | -11 -10 -10 -10 -8 -8 -7 -6 -6 -5 -4 -3 -3 ------- Run | Yrd Mat Min Sub Mat Gar Fac Fac DSF Fac Fac Res Tes Active Infowar (turns) 573 | . . . . 146 69 172 . . 25 35 47 79 Sensors 456 | . . . . 146 69 172 . . 25 35 9 . Triangulation 107 | . . . . . . . . . . . 28 79 Jamming 49 | . . . . . . . . . . . 10 39 Robot Analysis Total . | . . . . . . . . . . . . . Derelict Logs Recovered 1 | . . . 1 . . . . . . . . . Drone Launches . | . . . . . . . . . . . . . Drone Recoveries . | . . . . . . . . . . . . . Exploration | -11 -10 -10 -10 -8 -8 -7 -6 -6 -5 -4 -3 -3 ------------- Run | Yrd Mat Min Sub Mat Gar Fac Fac DSF Fac Fac Res Tes Turns Passed 2652 | 52 230 66 507 191 247 190 4 79 327 329 351 79 Spaces Moved 2601 | 31 108 42 274 68 162 296 6 60 341 381 700 132 Core 500 | 8 . . . . 46 102 6 38 22 224 52 2 Treads 633 | 23 108 42 274 68 116 . . . . 2 . . Legs . | . . . . . . . . . . . . . Wheels . | . . . . . . . . . . . . . Hover 350 | . . . . . . 77 . 22 96 155 . . Flight 1118 | . . . . . . 117 . . 223 . 648 130 Fastest Speed 34 | 50 160 160 160 155 50 35 50 50 34 50 37 45 Average Speed 79 | 134 160 160 160 157 124 47 50 103 57 73 43 46 Slowest Speed 200 | 160 160 160 160 160 155 100 50 200 200 150 100 150 Overloaded Moves . | . . . . . . . . . . . . . Propulsion Burnouts . | . . . . . . . . . . . . . Robots Hopped 39 | . . . . . . 7 . . 8 . 22 2 Potential Cave-ins . | . . . . . . . . . . . . . Cave-ins Triggered . | . . . . . . . . . . . . . Exploration Rate (%) 20 | 3 26 10 12 8 40 10 1 70 13 15 28 25 Regions Visited 12 Branch Regions 3 Pre-discovered Areas . | . . . . . . . . . . . . . Known Exits Taken 5 | . 1 . 1 1 . 1 1 . . . . . Unknown Exits Taken 5 | 1 . 1 . . . . . . 1 1 1 . Scrap Searched 1 | . . 1 . . . . . . . . . . Spaces Dug . | . . . . . . . . . . . . . Terrain Destroyed 18 | . 12 . . . . . . . 6 . . . Melee . | . . . . . . . . . . . . . Projectile . | . . . . . . . . . . . . . AOE 18 | . 12 . . . . . . . 6 . . . Terrain Rammed . | . . . . . . . . . . . . . Walls Destroyed . | . . . . . . . . . . . . . Machines Disabled . | . . . . . . . . . . . . . Actions | -11 -10 -10 -10 -8 -8 -7 -6 -6 -5 -4 -3 -3 --------- Run | Yrd Mat Min Sub Mat Gar Fac Fac DSF Fac Fac Res Tes Total 2979 | 38 144 41 312 118 190 327 6 72 436 425 723 147 Wait 106 | . 8 . 28 21 5 . . . 15 8 17 4 Move 2516 | 30 107 41 273 68 160 283 5 59 325 380 657 128 Hop 34 | . . . . . . 5 . . 7 . 20 2 Pick Up 36 | 1 7 . . 2 4 1 . 1 11 2 5 2 Fast Attach 63 | 6 3 . . 1 . 6 . 9 11 10 14 3 Attach 36 | . . . . 3 2 2 . 2 16 6 4 1 Detach 24 | . 1 . . 1 1 1 . . 10 6 2 2 Swap 14 | 1 4 . 1 4 4 . . . . . . . Drop 27 | . 4 . . 2 5 . 1 1 5 1 4 4 Fire 73 | . 10 . 10 16 7 9 . . 20 1 . . Melee 2 | . . . . . . . . . . 1 . 1 Ram 19 | . . . . . . 8 . . 2 9 . . Kick . | . . . . . . . . . . . . . Crush 2 | . . . . . 2 . . . . . . . Escape Stasis . | . . . . . . . . . . . . . Rewire 27 | . . . . . . 12 . . 14 1 . . Trap . | . . . . . . . . . . . . . Miscellaneous . | . . . . . . . . . . . . . Route ------- -11/Scrapyard -10/Materials -10/Mines -10/Subcaves (discovered 2 exits: *Mat x2) -8/Materials -8/Garrison -7/Factory (discovered 5 exits: *Fac x4 / *Low) -6/Factory -6/DSF -5/Factory -4/Factory -3/Research -3/Testing History --------- Turn | Location | Event 31 | -11/Scrapyard | Discovered new exit (range 15) 53 | -11/Scrapyard | Entered Materials 132 | -10/Materials | Identified exit to Mines 283 | -10/Materials | Entered Mines 315 | -10/Mines | Build established: Mutant 333 | -10/Mines | Discovered new exit (range 10) 349 | -10/Mines | Entered Subcaves 350 | -10/Subcaves | Approached by a straggling Scientist 641 | -10/Subcaves | Learned Materials machine intel 677 | -10/Subcaves | Discovered new exit (range 3) 700 | -10/Subcaves | Visited Clippyterm 705 | -10/Subcaves | Learned 40 Factory zone layouts 722 | -10/Subcaves | Identified exit to Materials 751 | -10/Subcaves | Discovered exit to Materials (range 13) 856 | -10/Subcaves | Entered Materials 856 | -8/Materials | Evolved 4 slots: Power x1, Propulsion x2, Utility x1 857 | -8/Materials | Loaded intel: 69 machine locations 1047 | -8/Materials | Identified exit to Garrison 1047 | -8/Materials | Entered Garrison 1055 | -8/Garrison | Triggered checkpoint 1088 | -8/Garrison | Installed Relay Interface Framework 1121 | -8/Garrison | Triggered checkpoint 1165 | -8/Garrison | Garrison Relay disabled 1265 | -8/Garrison | Triggered checkpoint 1275 | -8/Garrison | Core integrity fell below 50% 1289 | -8/Garrison | Discovered new exit (range 10) 1293 | -8/Garrison | Identified exit to Factory 1294 | -8/Garrison | Entered Factory 1294 | -7/Factory | Evolved 2 slots: Utility x2 1295 | -7/Factory | Identified exit to Factory 1303 | -7/Factory | Lost 9 parts (3p3n1u2w) 1436 | -7/Factory | Discovered new exit (range 11) 1440 | -7/Factory | Identified exit to Lower Caves 1484 | -7/Factory | Entered another Factory area 1484 | -6/Factory | Evolved 2 slots: Propulsion x2 1488 | -6/Factory | Identified exit to DSF 1488 | -6/Factory | Entered DSF 1509 | -6/DSF | Lost 3 parts (1n2u) 1526 | -6/DSF | Additional patrols routed to DSF 1555 | -6/DSF | Discovered new exit (range 14) 1560 | -6/DSF | Core integrity fell below 50% 1567 | -6/DSF | Entered Factory 1567 | -5/Factory | Evolved 2 slots: Utility x2 1595 | -5/Factory | Lost 7 parts (2p1n2u2w) 1871 | -5/Factory | Core integrity fell below 50% 1891 | -5/Factory | Discovered new exit (range 4) 1894 | -5/Factory | Entered another Factory area 1894 | -4/Factory | Evolved 2 slots: Propulsion x2 1907 | -4/Factory | Lost 12 parts (2p4n4u2w) 2045 | -4/Factory | Lost 5 parts (1p2n1u1w) 2174 | -4/Factory | Lost 3 parts (1n2u) 2212 | -4/Factory | Discovered new exit (range 15) 2219 | -4/Factory | Core integrity fell below 50% 2223 | -4/Factory | Entered Research 2223 | -3/Research | Evolved 2 slots: Utility x2 2381 | -3/Research | Core integrity fell below 50% 2424 | -3/Research | Lost 8 parts (4n4u) 2433 | -3/Research | Spotted B-86 Titan 2504 | -3/Research | Core integrity fell below 20% 2569 | -3/Research | Discovered new exit (range 13) 2574 | -3/Research | Entered Testing 2584 | -3/Testing | Found Prototype Energy Cannon 2584 | -3/Testing | Identified Potential Cannon 2653 | -3/Testing | Destroyed by G-67 Veteran with Plasma Rifle Last Messages --------------- 02584_ Identified Potential Cannon. 02586_ Dropped Hyp. Mass Driver. 02586_ Dropped Point Defense System. 02589_ Acquired Point Defense System. 02590_ Dropped Point Defense System. 02591_ Extracted 51 energy. 02592_ Acquired Imp. Energy Well. 02597_ Triggered Shock Trap. 02597_ The floor emits a surge of raw power. 02597_ System corrupted (+1). 02611_ Acquired Prototype Device. 02611_ Identified Adv. Gravity Neutralizer. 02615_ Slug penetrates Wall. 02615_ Penetrated by Slug. 02616_ Slug penetrates H-77 Assassin. 02616_ Slug penetrates Wall. 02622_ Enh. Force Lance destroyed. 02627_ System corrupted: Heat flow error (+215). 02638_ Adv. Cryofiber Web destroyed. 02650_ Impulse Thruster Array destroyed. Map ----- +----------------------------------------------------+ | | | | | | | | | | | | | | | | | | | | | | | | | | | | | | | | | | | | | | | | | | | ??????????????????###############????????????????? | | ??????????????????# #????????????????? | | ??????????????????# #????????????????? | | ??????????????????# #????????????????? | | ??????????????????# @ g #????????????????? | | ??????????????????# """ """ """ #????????????????? | | ??????????????????# """ """ """g#????????????????? | | ??????????????????# """ """ """ #????????????????? | | ??????????????????# """ """ """ #????????????????? | | ??????????????????# """ """ """ +????????????????? | | ??????????????????# bg ##???????????????? | | ??????????????????# #????????????????? | | ??????????????????#######+#######????????????????? | | ??????????????????????# #??????????????????? | | ??????????????????????# #??????????????????? | | ?????????? ######## #??????????????????? | | ?????????? / x #??????????????????? | | ????????????????## x #??????????????????? | | ?????????????????# #??????????????????? | | ????????h??????### x""" """ #??????????????????? | | ???????????????# """ """ #??????????????????? | | ???????????????# """ """ ""?????????????????? | | ???????????????# """ """ ""#????????????????? | | ???????????????+ """ """ ""#????????????????? | | ???????????????# """ """? T#????????????????? | | ???????????????# """ """ ""?????????????????? | | ##+############# "??????????????????? | | ""?????????????????? | | #??????????????????? | +----------------------------------------------------+ Best States ------------- Heat Dissipation 46 Energy Generation 28 Energy Capacity 500 Matter Stores 300 Matter Capacity 300 Sight Range 16 Robot Scan Range 18 Terrain Scan Density 10 Jamming Range 12 Additional Mass Support 9 Armor Coverage 225 Resistance: KI 30 Resistance: TH 25 Core Shielding 40 Propulsion Shielding 33 Point Defense Rating 80 Evasion (%) 63 Targeting Accuracy 12 Melee Accuracy 32 Recoil Reduction 3 Matter Filtering 50 Defensive Hacking 10 Relay Coupler Types 2 Relay Coupler Value 47 Item Schematics ----------------- None Robot Schematics ------------------ None Fabricated ------------ Nothing Repaired ---------- Nothing Alien Tech Used ----------------- None Achievements -------------- Error 47 Challenges ------------ None Game ------ Seed MobilePlatingVibroblade Manual? 0 Play Time 01:10:03 Cumulative 87.9 hours Start 2025.07.16 @ 23:11:23 End 2025.07.17 @ 00:25:08 Sessions 1 Manual Loads 0 Difficulty Rogue Special Mode None Game No. 85 Rogue 82 Adventurer 1 Explorer 2 Win Type - Total 0 Types 0/0/0/0/0/0/0/0/0/0 Lore% 31 Gallery% 48 Achievement% 36 Wizard Run 0 Options --------- Layout 0 ASCII 0 Keyboard 0 Movement Mouse Keybinds 0 Fullscreen 2 Font 24/Smallcaps Map View 76x50 Zoom Use 0% Tactical HUD 1 Map Filters NONE Filters NONE Steam 1 RUN: cfb0cd14-dee8-4942-bc09-b6c7d782f6c3